Map: World of Sleepers LE

Players

ViBE

  • Race: Protoss Protoss
  • League: Platinum
  • Spawn Location: 1:00

NYCWarWolf - Winner!

  • Race: Zerg Zerg
  • League: Platinum
  • Spawn Location: 7:00

VOD

Have the link to the VOD?

Description

Time

  • Played on: Dec. 8, 2019, 11:20 p.m.
  • Length: 29:55
Show
View Real Time Build Order
Export as new Build Order

ViBE Protoss 

Build Orders: 1 Gate Expand, Colossus Rush 

Get SALT Encoding   

  12  0:00  Probe  
  13  0:13  Probe  
  14  0:23  Pylon  
  14  0:25  Probe  
  15  0:41  Probe  
  16  0:45  Gateway  
  16  0:50  Assimilator  
  16  0:53  Probe (Chrono Boost)  
  18  1:05  Probe (Chrono Boost)  
  18  1:10  Probe (Chrono Boost)  
  19  1:19  Probe  
  20  1:28  Nexus  
  20  1:31  Probe  
  21  1:40  Cybernetics Core  
  21  1:43  Probe  
  22  1:49  Pylon  
  22  1:55  Assimilator  
  22  1:57  Probe  
  23  2:09  Probe (Chrono Boost)  
  24  2:19  Stalker  
  24  2:20  Warp Gate  
  24  2:21  Probe (Chrono Boost)  
  27  2:26  Probe (Chrono Boost)  
  28  2:36  Probe (Chrono Boost)  
  29  2:40  Probe (Chrono Boost)  
  30  2:47  Probe (Chrono Boost)  
  30  2:50  Probe (Chrono Boost)  
  32  2:52  Probe (Chrono Boost)  
  32  2:55  Probe (Chrono Boost)  
  34  3:01  Gateway  
  34  3:02  Probe, Robotics Facility  
  37  3:06  Probe  
  37  3:07  Sentry  
  38  3:14  Probe  
  38  3:16  Pylon  
  38  3:18  Probe  
  40  3:26  Probe  
  41  3:31  Probe  
  42  3:38  Probe  
  43  3:41  Assimilator  
  43  3:43  Probe (Chrono Boost)  
  43  3:44  Assimilator  
  44  3:49  Stalker x2  
  44  3:51  Probe (Chrono Boost), Observer  
  44  3:55  Probe (Chrono Boost)  
  51  3:57  Pylon  
  51  3:59  Robotics Bay  
  51  4:01  Probe (Chrono Boost)  
  53  4:02  Probe (Chrono Boost)  
  53  4:05  Probe (Chrono Boost)  
  54  4:15  Probe  
  55  4:17  Nexus  
  55  4:18  Pylon  
  55  4:20  Probe  
  56  4:27  Probe  
  57  4:32  Pylon, Probe  
  57  4:35  Pylon  
  57  4:37  Stalker  
  57  4:38  Stalker  
  62  4:39  Probe  
  62  4:44  Probe  
  64  4:48  Pylon  
  64  4:51  Probe  
  64  4:52  Pylon  
  65  4:53  Colossus  
  65  4:56  Pylon, Probe  
  72  5:03  Pylon  
  72  5:04  Probe  
  72  5:06  Stalker x2  
  77  5:10  Extended Thermal Lance  
  77  5:25  Probe x2  
  79  5:30  Stalker  
  79  5:31  Stalker  
  79  5:35  Probe  
  84  5:37  Probe  
  85  5:43  Pylon  
  85  5:44  Probe (Chrono Boost)  
  85  5:47  Colossus, Probe (Chrono Boost)  
  85  5:49  Pylon  
  94  5:50  Probe (Chrono Boost)  
  94  5:51  Pylon x2  
  94  5:56  Probe (Chrono Boost)  
  96  5:58  Probe (Chrono Boost)  
  96  5:59  Stalker x2, Probe (Chrono Boost)  
  96  6:02  Probe (Chrono Boost)  
  96  6:03  Probe (Chrono Boost)  
  102  6:04  Probe (Chrono Boost)  
  102  6:06  Assimilator  
  102  6:10  Assimilator  
  104  6:12  Probe  
  104  6:13  Probe  
  104  6:16  Probe  
  104  6:18  Gateway  
  107  6:19  Gateway  
  107  6:25  Gateway  
  107  6:26  Gateway  
  107  6:28  Stalker  
  107  6:29  Stalker  
  107  6:30  Probe x2  
  107  6:31  Probe  
  114  6:44  Nexus  
  114  6:47  Pylon  
  114  6:52  Probe x3  
  117  6:56  Forge  
  117  6:57  Forge  
  117  6:59  Forge  
  117  7:01  Twilight Council  
  117  7:05  Probe x2  
  117  7:06  Colossus, Probe  
  126  7:17  Probe x2  
  126  7:20  Stalker x4  
  136  7:23  Stalker  
  136  7:25  Probe  
  136  7:28  Stalker  
  141  7:33  Assimilator  
  141  7:46  Stalker x5  
  141  7:50  Probe x3  
  148  7:51  Protoss Ground Weapons Level 1 (Chrono Boost)  
  148  7:52  Protoss Shields Level 1 (Chrono Boost), Protoss Ground Armor Level 1 (Chrono Boost)  
  148  7:58  Templar Archives  
  148  8:04  Pylon  
  148  8:07  Pylon  
  148  8:09  Nexus  
  146  8:34  Stalker x2  
  146  8:35  Stalker x4  
  146  8:36  Colossus  
  164  8:42  Gateway  
  164  8:43  Gateway  
  164  8:46  Gateway  
  164  8:47  Gateway  
  164  9:03  Stalker x3  
  164  9:04  Stalker x3  
  168  9:13  Pylon  
  134  9:25  Assimilator  
  134  9:26  Pylon  
  134  9:29  Colossus  
  134  9:30  Pylon, Assimilator  
  140  9:32  Pylon  
  140  9:33  Stalker x2  
  140  9:34  Stalker x3  
  140  9:35  Stalker  
  152  9:39  Stalker x2  
  152  9:40  Stalker  
  152  9:42  Stalker  
  160  9:57  Pylon  
  160  9:58  Protoss Ground Weapons Level 2 (Chrono Boost), Protoss Ground Armor Level 2 (Chrono Boost)  
  160  9:59  Stalker x2, Protoss Shields Level 2 (Chrono Boost), Pylon  
  164  10:00  Stalker x3  
  164  10:01  Stalker  
  164  10:02  Nexus  
  172  10:13  Stalker x2  
  172  10:14  Stalker x2  
  178  10:19  Robotics Facility  
  180  10:22  Robotics Facility  
  180  10:24  Observer  
  181  10:35  Stalker  
  183  10:36  Stalker x4  
  183  10:37  Stalker x2  
  183  10:38  Stalker x2  
  199  10:45  Observer  
  199  10:46  Gateway  
  199  10:47  Gateway  
  200  10:51  Gateway x2  
  200  10:53  Gateway  
  200  11:05  Photon Cannon  
  200  11:07  Photon Cannon  
  200  11:09  Shield Battery  
  200  11:10  Photon Cannon  
  200  11:12  Photon Cannon  
  200  11:14  Photon Cannon, Shield Battery  
  200  11:16  Photon Cannon  
  200  11:18  Photon Cannon  
  200  11:19  Shield Battery  
  200  11:21  Photon Cannon  
  200  11:24  Shield Battery  
  200  11:27  Photon Cannon  
  200  11:31  Photon Cannon  
  200  11:33  Shield Battery  
  200  11:36  Pylon  
  200  11:54  Photon Cannon  
  200  11:56  Photon Cannon  
  200  11:59  Shield Battery  
  200  12:06  Gateway  
  200  12:07  Protoss Ground Weapons Level 3 (Chrono Boost), Protoss Ground Armor Level 3 (Chrono Boost)  
  200  12:08  Gateway, Protoss Shields Level 3 (Chrono Boost)  
  200  12:10  Gateway  
  200  12:11  Gateway  
  200  12:13  Gateway  
  200  12:17  Gateway  
  200  12:20  Gateway  
  198  12:23  Gateway  
  196  12:55  Assimilator  
  196  13:00  Assimilator  
  190  13:16  High Templar x2  
  190  13:17  High Templar x5  
  190  13:18  Nexus, High Templar x3  
  190  13:19  High Templar x2  
  195  13:20  High Templar x3  
  195  13:21  Pylon  
  195  13:22  High Templar x2  
  195  13:24  Pylon, High Templar  
  195  13:25  High Templar x2  
  195  13:26  High Templar  
  197  13:29  Colossus, Observer  
  197  13:32  Archon x7  
  197  13:33  Colossus, Archon x3  
  194  13:37  High Templar  
  190  13:45  Pylon  
  180  13:51  Assimilator  
  180  13:52  Photon Cannon  
  180  13:54  Photon Cannon  
  168  13:58  Photon Cannon  
  168  14:00  Stalker x2, Photon Cannon  
  168  14:01  Stalker x3  
  168  14:02  Stalker x2  
  164  14:03  Stalker x3, Photon Cannon  
  164  14:04  Stalker x4  
  164  14:05  Stalker  
  164  14:07  Stalker, Photon Cannon  
  164  14:08  Shield Battery  
  164  14:09  Stalker  
  176  14:14  Shield Battery  
  176  14:16  Observer  
  177  14:17  Shield Battery  
  178  14:24  Observer  
  178  14:34  Stalker  
  178  14:35  Stalker x4  
  178  14:36  Stalker  
  178  14:37  Stalker x4  
  178  14:38  Stalker  
  192  14:42  Stalker  
  192  14:43  Stalker  
  192  14:44  Stalker  
  188  14:46  Archon  
  188  14:52  Stalker x3  
  164  15:06  Stargate  
  152  15:08  Stargate  
  152  15:09  Stargate  
  151  15:29  Stalker x3  
  151  15:30  Stalker x5  
  151  15:31  Stalker x3  
  158  15:53  Void Ray x3 (Chrono Boost)  
  130  16:12  Probe  
  115  16:24  Probe  
  110  16:26  Void Ray (Chrono Boost)  
  105  16:33  Void Ray (Chrono Boost)  
  105  16:35  Void Ray (Chrono Boost)  
  105  16:36  Probe  
  83  16:48  Probe  
  72  16:56  Void Ray (Chrono Boost), Cybernetics Core  
  72  17:00  Probe  
  77  17:02  Void Ray (Chrono Boost)  
  77  17:03  Void Ray (Chrono Boost)  
  78  17:13  Probe (Chrono Boost)  
  72  17:16  Probe (Chrono Boost)  
  73  17:24  Probe (Chrono Boost)  
  73  17:26  Probe (Chrono Boost)  
  73  17:29  Probe (Chrono Boost)  
  72  17:30  Probe (Chrono Boost)  
  72  17:34  Void Ray (Chrono Boost)  
  81  17:39  Probe  
  81  17:41  Void Ray (Chrono Boost)  
  60  17:54  Void Ray  
  60  17:56  Probe x3  
  63  18:08  Probe  
  63  18:12  Cybernetics Core  
  64  18:13  Void Ray  
  64  18:18  Probe x2  
  70  18:22  Probe  
  71  18:30  Probe  
  71  18:32  Probe  
  71  18:34  Probe  
  74  18:42  Probe, Void Ray  
  74  18:44  Probe  
  74  18:46  Probe  
  81  18:54  Probe  
  82  18:56  Probe  
  82  18:59  Probe  
  84  19:03  Protoss Air Weapons Level 1 (Chrono Boost)  
  84  19:06  Probe  
  84  19:08  Probe  
  86  19:12  Nexus  
  86  19:15  Probe  
  87  19:18  Probe  
  87  19:20  Probe  
  89  19:28  Probe  
  89  19:30  Probe  
  91  19:32  Probe  
  91  19:33  Void Ray  
  96  19:40  Void Ray  
  96  19:41  Probe  
  96  19:43  Probe  
  102  19:49  Void Ray  
  106  20:04  Probe x2  
  108  20:10  Assimilator  
  108  20:11  Assimilator  
  108  20:12  Probe  
  109  20:16  Probe x2  
  111  20:21  Nexus  
  111  20:24  Fleet Beacon  
  111  20:27  Probe  
  111  20:28  Probe  
  113  20:36  Void Ray  
  113  20:41  Probe x2  
  119  20:44  Probe  
  119  20:45  Probe  
  121  20:50  Assimilator  
  121  20:53  Probe x2  
  121  20:56  Probe  
  125  20:57  Probe  
  124  21:10  Pylon  
  117  21:14  Stalker x5  
  117  21:15  Stalker x3  
  117  21:16  Stalker  
  123  21:23  Pylon  
  123  21:32  Pylon  
  123  21:47  High Templar x2  
  123  21:51  Archon  
  127  22:00  Pylon  
  125  22:02  Pylon  
  125  22:05  Pylon  
  125  22:07  Pylon  
  125  22:13  Pylon  
  113  22:15  Pylon  
  113  22:18  Pylon, Probe x2 (Chrono Boost)  
  113  22:19  Probe (Chrono Boost)  
  114  22:29  Probe x2 (Chrono Boost)  
  117  22:30  Probe (Chrono Boost)  
  117  22:34  Probe x3 (Chrono Boost)  
  120  22:41  Cybernetics Core  
  120  22:44  Nexus, Probe x3  
  120  22:45  Zealot x2  
  127  22:56  Probe x3  
  130  23:00  Pylon  
  130  23:03  Pylon  
  130  23:05  Forge  
  130  23:06  Pylon  
  130  23:08  Probe x3  
  133  23:17  Pylon  
  133  23:20  Probe x3  
  133  23:22  Pylon  
  133  23:25  Twilight Council  
  133  23:26  Stalker x5  
  133  23:27  Stalker x2  
  148  23:34  Stargate  
  150  23:35  Stargate  
  140  23:42  Probe (Chrono Boost)  
  140  23:43  Probe (Chrono Boost)  
  140  23:44  Probe (Chrono Boost)  
  134  23:54  Probe (Chrono Boost)  
  134  23:55  Probe x2 (Chrono Boost)  
  131  24:00  Probe x3 (Chrono Boost)  
  125  24:08  Photon Cannon  
  125  24:09  Probe x3  
  124  24:11  Photon Cannon  
  125  24:18  Templar Archives  
  125  24:21  Probe x2  
  127  24:25  Probe  
  128  24:33  Probe x2  
  128  24:35  Photon Cannon  
  128  24:37  Probe  
  132  24:38  Probe  
  132  24:44  Photon Cannon  
  132  24:45  Probe x2  
  134  24:50  Shield Battery  
  134  24:53  Probe  
  134  24:54  Probe  
  134  24:55  Shield Battery  
  134  24:59  High Templar x3  
  142  25:01  High Templar  
  142  25:02  High Templar  
  142  25:03  High Templar  
  148  25:09  Archon x3  
  148  25:19  Void Ray x2 (Chrono Boost)  
  156  25:30  Fleet Beacon, Probe  
  156  25:31  Probe x2  
  156  25:32  Probe  
  147  25:51  Void Ray x2 (Chrono Boost)  
  155  26:00  Probe x3  
  155  26:12  Probe x2  
  157  26:23  Stalker x4  
  145  26:34  Probe x3  
  140  26:46  Probe x2  
  134  26:55  Stalker x3  
  134  26:56  Stalker  
  138  27:05  Probe  
  138  27:06  Probe x2  
  111  27:18  Probe x3  
  114  27:29  High Templar  
  116  27:30  Probe x3, High Templar  
  116  27:31  High Templar x2  
  125  27:37  Archon  
  125  27:38  Archon  
  125  27:42  Probe x2  
  127  27:47  Assimilator  
  122  28:09  Probe  
  122  28:10  Probe x2  
  122  28:11  Nexus  
  125  28:16  High Templar x2  
  125  28:18  Stalker  
  131  28:20  Stalker  
  131  28:21  Probe  
  131  28:23  Archon  
  131  28:24  Probe x2  
  136  28:34  Probe  
  137  28:36  Probe  
  137  28:37  Probe  
  139  28:45  Stalker  
  139  28:46  Probe  
  141  28:49  Probe  
  141  28:53  Stalker  
  141  28:54  Stalker  
  142  28:58  Probe  
  130  29:11  Nexus  
  130  29:26  Pylon  
  130  29:28  Pylon  
  128  29:31  Pylon  
  128  29:38  Stalker x2  
  116  29:40  Stalker  
  116  29:45  Stalker  
Show
View Real Time Build Order
Export as new Build Order

NYCWarWolf Zerg - Winner!

Build Orders: Hatch First, Brood Lord Corruptor, Roach Hydra 

Get SALT Encoding   

  12  0:01  Drone  
  13  0:12  Overlord  
  13  0:19  Drone  
  14  0:31  Drone x2  
  14  0:35  Drone  
  17  0:57  Hatchery  
  16  0:58  Drone  
  16  0:59  Drone  
  18  1:09  Extractor  
  17  1:16  Spawning Pool  
  16  1:19  Drone  
  16  1:21  Drone  
  18  1:39  Drone  
  19  1:41  Overlord  
  19  2:03  Queen  
  21  2:09  Zergling x4  
  24  2:15  Drone  
  24  2:16  Queen  
  26  2:36  Drone x4  
  26  2:37  Drone  
  31  2:40  Hatchery  
  30  2:52  Queen  
  32  3:01  Metabolic Boost  
  32  3:03  Lair  
  32  3:06  Drone  
  32  3:08  Drone  
  34  3:24  Drone  
  34  3:25  Drone, Overlord  
  34  3:26  Overlord  
  36  3:36  Roach Warren  
  35  3:52  Drone x6  
  41  4:04  Drone x2  
  41  4:05  Queen  
  45  4:12  Extractor  
  45  4:13  Drone  
  45  4:14  Drone x4  
  45  4:15  Extractor  
  48  4:26  Glial Reconstitution  
  50  4:31  Roach x2  
  50  4:32  Roach x3  
  58  4:43  Overlord x2  
  58  4:44  Overlord  
  58  4:54  Hydralisk Den  
  57  5:08  Drone x9  
  66  5:17  Drone x3  
  69  5:29  Grooved Spines  
  69  5:31  Hydralisk x3  
  69  5:35  Hydralisk x2  
  79  5:44  Extractor  
  79  5:45  Roach x2  
  79  5:48  Overlord x4  
  82  6:08  Roach x5  
  92  6:16  Evolution Chamber  
  92  6:17  Drone x9  
  92  6:18  Evolution Chamber  
  99  6:27  Extractor  
  98  6:41  Muscular Augments  
  98  6:42  Drone x2  
  98  6:43  Drone  
  98  6:44  Drone x9  
  110  6:50  Extractor  
  109  6:58  Roach x2  
  113  7:02  Overlord x3  
  113  7:07  Zergling x4, Hatchery  
  114  7:11  Zerg Missile Weapons Level 1  
  114  7:12  Zerg Ground Armor Level 1  
  114  7:16  Infestation Pit  
  113  7:31  Hydralisk x10  
  113  7:59  Roach x3  
  113  8:00  Roach x7  
  131  8:10  Spire  
  130  8:20  Hatchery  
  129  8:29  Roach x7  
  129  8:31  Overlord x3  
  129  8:32  Overlord  
  143  8:48  Extractor  
  142  8:59  Roach  
  142  9:00  Roach x15  
  142  9:02  Overlord x2  
  106  9:26  Roach x8  
  106  9:27  Roach x4  
  106  9:30  Drone x3  
  127  9:41  Zerg Ground Armor Level 2, Zerg Missile Weapons Level 2  
  127  9:44  Hive  
  127  9:53  Zergling x2  
  127  9:54  Zergling x16  
  136  10:13  Hatchery  
  135  10:17  Corruptor  
  135  10:18  Corruptor x3  
  135  10:19  Corruptor  
  145  10:29  Drone x8  
  145  10:33  Roach x2  
  157  10:52  Overseer  
  157  11:02  Greater Spire  
  157  11:06  Corruptor  
  157  11:07  Corruptor x3  
  157  11:08  Corruptor x3  
  171  11:14  Drone  
  171  11:15  Drone x6  
  178  11:18  Drone  
  179  11:31  Drone  
  180  11:39  Extractor  
  179  11:40  Corruptor  
  179  11:41  Corruptor x4  
  179  11:42  Corruptor  
  191  11:57  Zerg Melee Weapons Level 1  
  191  12:15  Brood Lord x4  
  190  12:41  Brood Lord x2  
  190  12:42  Brood Lord x3  
  156  13:28  Brood Lord x5  
  156  13:29  Brood Lord  
  154  13:36  Zergling x2  
  154  13:37  Zergling x48  
  154  13:38  Zergling x32  
  191  13:54  Hatchery  
  190  14:02  Corruptor x4  
  192  14:06  Overlord x2  
  192  14:07  Hatchery  
  195  14:26  Zerg Flyer Weapons Level 1  
  195  14:29  Adrenal Glands  
  195  14:31  Zerg Melee Weapons Level 2  
  195  14:32  Zerg Ground Armor Level 3  
  195  14:52  Brood Lord x3  
  177  14:59  Zergling x2  
  160  15:00  Zergling x50  
  160  15:01  Zergling x10  
  187  15:16  Zergling x24  
  187  16:08  Corruptor  
  187  16:09  Corruptor x4  
  187  16:10  Corruptor x2  
  196  16:35  Corruptor x3  
  196  16:37  Corruptor  
  197  16:45  Zerg Flyer Weapons Level 2  
  176  17:43  Mutalisk x8  
  176  17:44  Mutalisk x7  
  171  18:00  Extractor x2  
  171  18:01  Extractor  
  171  18:03  Extractor  
  171  18:05  Mutalisk x3  
  112  18:49  Mutalisk  
  112  18:50  Mutalisk x6  
  120  18:58  Zergling x2  
  120  18:59  Zergling x44  
  120  19:00  Zergling x10  
  120  19:01  Zerg Flyer Armor Level 1  
  148  19:24  Mutalisk x6  
  148  19:26  Zergling x22  
  171  19:36  Drone x15  
  186  19:44  Hatchery  
  185  19:47  Extractor  
  185  19:49  Overseer  
  184  19:57  Hatchery  
  183  20:07  Mutalisk x8  
  199  20:30  Zerg Melee Weapons Level 3  
  199  20:53  Extractor  
  199  20:55  Zerg Flyer Weapons Level 3, Extractor  
  193  21:05  Mutalisk  
  193  21:06  Mutalisk x3  
  199  21:46  Hatchery  
  116  22:33  Mutalisk x14  
  116  22:34  Mutalisk x5  
  154  22:38  Zergling x24  
  154  22:39  Zergling x54  
  191  23:03  Hydralisk  
  191  23:04  Hydralisk x3  
  199  23:23  Zergling x2  
  195  23:45  Hydralisk x7  
  195  23:46  Hydralisk x2  
  181  24:05  Mutalisk x9  
  199  24:12  Extractor  
  199  24:15  Extractor  
  197  24:18  Zergling x4  
  199  24:28  Zerg Missile Weapons Level 3  
  199  24:39  Ultralisk Cavern  
  198  24:55  Drone  
  198  25:26  Chitinous Plating  
  198  25:32  Drone  
  175  26:16  Ultralisk  
  175  26:17  Ultralisk x3  
  192  26:45  Anabolic Synthesis  
  173  27:05  Ultralisk x4  
  173  27:07  Hydralisk x3  
  159  27:58  Ultralisk x2  
  159  27:59  Ultralisk x2, Hydralisk x12  
  195  28:11  Ultralisk  
  197  28:24  Hydralisk  
  191  28:36  Zergling x2  
  191  28:37  Zergling x24  
  198  28:48  Hydralisk x3  
  191  29:02  Hydralisk x6  
  176  29:26  Overlord x3  
Tags
 
Add a new tag
Caveats
  • Supply blocks, unpowered buildings, or Contaminate may cause inaccurate times.
  • Supply counts are checked every 10 seconds.